 Dungeon Crawl Stone Soup version 0.26-a0-597-gb535b0901c (webtiles) character file.

Game seed: 14897351149530254222

1290 hickop the Destroyer (level 8, -3/41 HPs)
             Began as a Deep Elf Conjurer on Sept 7, 2020.
             Was an Initiate of Vehumet.
             Hit by a boomerang thrown by an orc warrior (7 damage)
             ... on level 5 of the Dungeon.
             The game lasted 00:26:04 (5324 turns).

hickop the Destroyer (Deep Elf Conjurer)            Turns: 5324, Time: 00:26:04

Health: -3/41      AC:  3    Str:  5    XL:     8   Next: 30%
Magic:  11/20      EV: 13    Int: 25    God:    Vehumet [......]
Gold:   214        SH:  0    Dex: 13    Spells: 7/21 levels left

rFire    . . .     SeeInvis .   g - +1 hunting sling
rCold    . . .     Faith    .   (no shield)
rNeg     . . .     Spirit   .   a - +1 robe
rPois    .         Reflect  .   (no helmet)
rElec    .         Harm     .   (no cloak)
rCorr    .                      (no gloves)
MR       +....                  (no boots)
Stlth    ++........             d - amulet of regeneration
HPRegen  0.53/turn              n - ring of protection from magic
MPRegen  0.17/turn              (no ring)

@: no status effects
A: no striking features
a: Renounce Religion


You were on level 5 of the Dungeon.
You worshipped Vehumet.
Vehumet was noncommittal.
You visited 2 branches of the dungeon, and saw 6 of its levels.

You collected 214 gold pieces.

Inventory:

Hand Weapons
 g - a +1 hunting sling (weapon)
 h - a +1 whip of freezing
Missiles
 b - 100 stones
 e - 35 sling bullets (quivered)
 j - 6 atropa-tipped darts
Armour
 a - a +1 robe (worn)
 v - a scarf of resistance
Jewellery
 d - an amulet of regeneration (around neck)
 f - an uncursed amulet of faith
 n - a ring of protection from magic (left hand)
Wands
 m - a wand of paralysis (14)
 w - a wand of random effects (15)
Scrolls
 c - 2 scrolls of fog
 r - 5 scrolls of teleportation
 u - a scroll of enchant armour
Potions
 i - a potion of haste {unknown}
 k - a potion of magic
 l - a potion of invisibility {unknown}
 o - 3 potions of heal wounds {unknown}
 p - a potion of flight {unknown}
 q - a potion of lignification {unknown}
 s - a potion of resistance
 t - a potion of curing {unknown}


   Skills:
 - Level 2.4 Dodging
 - Level 2.4 Stealth
 + Level 7.2 Spellcasting
 * Level 10.4 Conjurations
 + Level 0.3 Translocations


You had 7 spell levels left.
You knew the following spells:

 Your Spells              Type           Power        Failure   Level
a - Magic Dart            Conj           ####         1%          1
b - Searing Ray           Conj           ######       1%          2
c - Dazzling Flash        Conj/Hex       #####.       2%          3
d - Iskenderun's Mystic   Conj/Tloc      #####...     7%          4
e - Fulminant Prism       Conj/Hex       #####.....   8%          4

Your spell library contained the following spells:

 Spells                   Type           Power        Failure   Level
 Corona                   Hex            #......      7%          1
 Ensorcelled Hibernation  Hex/Ice        #.....       10%         2
 Confusing Touch          Hex            #.......     21%         3
 Tukima's Dance           Hex            #.......     21%         3


Dungeon Overview and Level Annotations

Branches:
Dungeon (5/15)             Temple (1/1) D:4

Altars:
Ashenzari
Cheibriados
Dithmenos
Elyvilon
Fedhas
Gozag
Hepliaklqana
Kikubaaqudgha
Makhleb
Okawaru
Qazlal
Ru
Trog
Vehumet
Xom
Yredelemnul
Zin
The Shining One

Shops:
D:4 }

Annotations:
D:3 2 runed translucent doors, viperstalker's ghost, amateur PaFi
D:5 1 runed translucent door, HoaS's ghost, novice FoFi


Message History

Casting: Searing Ray (safe; 1% risk of failure)
Confirm with . or Enter, or press ? or * to list all spells.
Aiming: Searing Ray (safe; 1% risk of failure)
Press: ? - help, Shift-Dir - straight line, f - orc warrior
Aim: an orc warrior, wielding a +0 glaive, wearing a +0 chain mail and quivering 6 boomerangs The searing ray hits the orc warrior!
The orc warrior is moderately wounded. (Press . to maintain the ray.)
The orc warrior closely misses you.
The searing ray hits the orc warrior!
The orc warrior is severely wounded.
The orc warrior hits you from afar with a +0 glaive!!
* * * LOW HITPOINT WARNING * * *
The orc warrior throws a boomerang.
The boomerang barely misses you.
The weapon returns to the orc warrior!
The orc warrior throws a boomerang.
The boomerang barely misses you.
The weapon returns to the orc warrior!
Found a stone staircase leading down.
The orc warrior throws a boomerang.
The boomerang hits you!
You die...

######### #.#
#...... #.#
###.... ########.#
#...# #......#.###
#.... #.# #.....#
#.(##
#.####.#.#.#......
#.##.....#.#... #
#>##.#.###.#
#@##$..###.#
#.......$..#
######o##### #.#
#)# #o#


.ha .# You could see an orc warrior.

Vanquished Creatures
  Pikel (D:5)
  An ogre (D:4)
  A phantom (D:4)
  A lemure (D:5)
  A bullfrog (D:4)
  A howler monkey (D:5)
  3 orc priests
  A jelly (D:5)
  2 hounds
  4 orc wizards (D:4)
  2 worker ants
  11 adders
  3 oozes
  An adder skeleton (D:4)
  2 worms
  4 dart slugs
  3 leopard geckos
  16 orcs
  3 ball pythons
  8 bats
  2 giant cockroaches
  13 goblins
  7 hobgoblins
  3 jackals (D:5)
  7 kobolds
  3 quokkas
  4 frilled lizards
  A quokka skeleton (D:4)
  10 rats
119 creatures vanquished.

Notes
Turn   | Place    | Note
-------+----------+-------------------------------------------
     0 | D:1      | hickop the Deep Elf Conjurer began the quest for the Orb.
     0 | D:1      | Reached XP level 1. HP: 10/10 MP: 6/6
   245 | D:1      | Reached XP level 2. HP: 15/15 MP: 6/8
   329 | D:1      | Reached skill level 5 in Conjurations
  1037 | D:1      | Reached XP level 3. HP: 19/19 MP: 7/9
  1275 | D:2      | Learned a level 2 spell: Searing Ray
  1279 | D:2      | Learned a level 3 spell: Dazzling Flash
  1676 | D:2      | Reached skill level 6 in Conjurations
  1744 | D:2      | Reached XP level 4. HP: 24/24 MP: 5/10
  2388 | D:3      | Reached XP level 5. HP: 28/28 MP: 4/12
  2594 | D:3      | Found a large runed translucent door.
  2594 | D:3      | Found a large runed translucent door.
  2659 | D:3      | Noticed viperstalker's ghost (amateur PaFi)
  2898 | D:3      | Reached skill level 7 in Conjurations
  2904 | D:3      | Learned a level 4 spell: Iskenderun's Mystic Blast
  3176 | D:4      | Noticed an ogre
  3182 | D:4      | Killed an ogre
  3182 | D:4      | Reached XP level 6. HP: 32/32 MP: 7/15
  3351 | D:4      | Reached skill level 5 in Spellcasting
  3351 | D:4      | Reached skill level 8 in Conjurations
  3572 | D:4      | Found Daudet's Gadget Shop.
  3704 | D:4      | Found a staircase to the Ecumenical Temple.
  3812 | D:4      | Reached XP level 7. HP: 36/36 MP: 12/17
  4258 | D:4      | Learned a level 4 spell: Fulminant Prism
  4329 | Temple   | Entered the Ecumenical Temple
  4440 | Temple   | Became a worshipper of Vehumet
  4490 | D:5      | Entered Level 5 of the Dungeon
  4545 | D:5      | Noticed Pikel
  4565 | D:5      | Killed Pikel
  4565 | D:5      | Reached skill level 10 in Conjurations
  4565 | D:5      | Reached XP level 8. HP: 28/41 MP: 6/20
  5140 | D:5      | Found a runed translucent door.
  5163 | D:5      | Noticed HoaS's ghost (novice FoFi)
  5324 | D:5      | Hit by a boomerang thrown by an orc warrior

Illustrated notes

Levels and vault maps discovered:
D:1:      onia_arrival_pentagram, layout_basic
D:2:      layout_rooms
D:3:      layout_rooms, ebering_ghost_disaster_area, minmay_unequal
D:4:      layout_loops_cross, minmay_temple_entry_nine_rooms, serial_shops, shop
D:5:      layout_loops_cross, ebering_ghost_sewer_d, uniq_pikel, uniq_ijyb
Temple:   kilobyte_greek_temple

Skill      XL: |  1  2  3  4  5  6  7 |
---------------+----------------------+-----
Conjurations   | 5 6 7 8 10 | 10.4
Spellcasting   | 4 5 7 |  7.2
Dodging        | |  2.4
Stealth        | |  2.4
Translocations | |  0.3

Action                   |  1- 3 |  4- 6 |  7- 9 || total
-------------------------+-------+-------+-------++-------
 Fire: Hunting sling     |       |     3 |       ||     3
 Cast: Magic Dart        |    61 |    85 |    17 ||   163
       Searing Ray       |     4 |    21 |    22 ||    47
       Iskenderun's Myst |       |       |     1 ||     1
  Use: Scroll            |     2 |     6 |     1 ||     9
Armor: Robe              |       |     2 |       ||     2
Dodge: Dodged            |     7 |     7 |     8 ||    22

Table legend: (Time is in decaauts)
 A = Elapsed time spent in this place.
 B = Non-inter-level travel time spent in this place.
 C = Inter-level travel time spent in this place.
 D = Time resting spent in this place.
 E = Time spent auto-exploring this place.
 F = Levels seen in this place.
 G = Mean time per level.
                   A        B        C        D        E       F      G
               +--------+--------+--------+--------+--------+-----+--------+
         Total |   5324 |   5143 |    181 |   1690 |   2835 |   6 |  887.3 |
       Dungeon |   5183 |   5002 |    181 |   1690 |   2749 |   5 | 1036.6 |
        Temple |    141 |    141 |      0 |      0 |     86 |   1 |  141.0 |
               +--------+--------+--------+--------+--------+-----+--------+

Top non-repeatable levels by time:
     D:4: 1201 daAuts
     D:1: 1153 daAuts
     D:2: 1019 daAuts
     D:3: 974 daAuts
     D:5: 833 daAuts
  Temple: 141 daAuts
